 Dungeon Crawl Stone Soup version 0.26-a0-1132-ge9770dfcb6 (webtiles) character file.

Game seed: 2280625579667424865

109 Anias the Sneak (level 4, -12/31 (32) HPs)
             Began as an Octopode Delver on Dec 20, 2020.
             Was an Initiate of Cheibriados.
             Mangled by an ogre
             ... wielding a +0 giant club
              (19 damage)
             ... on level 4 of the Dungeon.
             The game lasted 00:06:44 (3387 turns).

Anias the Sneak (Octopode Delver)                   Turns: 3387, Time: 00:06:45

HP:   -12/31 (32)   AC:  8    Str: 12    XL:     4   Next: 90%
MP:   4/4           EV: 14    Int: 13    God:    Cheibriados [......]
Gold: 211           SH:  0    Dex: 15    Spells: 3/3 levels left

rFire    . . .     SeeInvis .   w - +1 mace (protect)
rCold    . . .     Faith    +   (no shield)
rNeg     . . .     Spirit   .   (helmet restricted)
rPois    .         Reflect  .   h - amulet of faith
rElec    .         Harm     .   (no ring)
rCorr    .         Rampage  .   (no ring)
Will     .....                  (no ring)
Stlth    +++++.....             (no ring)
HPRegen  0.10/turn              (no ring)
MPRegen  0.09/turn              (no ring)
                                (no ring)
                                (no ring)

@: protection aura, lightly drained, very slow
A: almost no armour, stealthy swim, amphibious, 8 rings, constrict 8, camouflage
1, gelatinous body 1
a: Renounce Religion, Bend Time


You were on level 4 of the Dungeon.
You worshipped Cheibriados.
Cheibriados was noncommittal.
You visited 2 branches of the dungeon, and saw 6 of its levels.

You collected 211 gold pieces.

Inventory:

Hand Weapons
 i - a +1 whip of flaming
 w - a +1 mace of protection (weapon)
Jewellery
 h - an amulet of faith (around mantle)
Wands
 e - a wand of digging (3)
 f - a wand of iceblast (10)
 x - a wand of polymorph (3)
Scrolls
 a - a scroll of fog
 b - 2 scrolls of magic mapping
 c - a scroll of fear
 g - 4 scrolls of amnesia {unknown}
 j - 2 scrolls of blinking {unknown}
 k - 6 scrolls of identify {unknown}
 m - 3 scrolls of random uselessness {unknown}
 n - 4 scrolls of teleportation {unknown}
 q - a scroll of remove curse {unknown}
 r - a scroll of immolation {unknown}
Potions
 d - a potion of mutation {unknown}
 l - a potion of heal wounds {unknown}
 o - 2 potions of attraction
 s - a potion of curing {unknown}
 t - a potion of brilliance {unknown}
 u - a potion of lignification {unknown}
 v - a potion of flight {unknown}


   Skills:
 + Level 3.6 Fighting
 + Level 1.2 Maces & Flails
 + Level 2.6 Dodging
 + Level 7.8 Stealth
 - Level 2.3 Unarmed Combat


You had 3 spell levels left.
You didn't know any spells.
Your spell library was empty.

Dungeon Overview and Level Annotations

Branches:
Dungeon (5/15)             Temple (1/1) D:4

Altars:
Ashenzari
Cheibriados
Dithmenos
Fedhas
Gozag
Hepliaklqana
Kikubaaqudgha
Makhleb
Nemelex Xobeh
Okawaru
Qazlal
Ru
Sif Muna
Uskayaw
Vehumet
Yredelemnul
Zin
The Shining One

Annotations:
D:5 1 transporter


Innate Abilities, Weirdness & Mutations

You cannot wear most types of armour.
You are very stealthy in the water. (Stealth+)
You are amphibious.
You can wear up to eight rings at the same time.
You can use your tentacles to constrict eight enemies at once.
Your skin changes colour to match your surroundings (Stealth+).
Your rubbery body absorbs attacks. (AC +1, EV +1)


Message History

An ogre comes into view. It is wielding a +0 giant club.
Found a knobbly ivory ring.
Okay, then.
The helpless ogre fails to defend itself.
You hit the ogre.
Your weapon exudes an aura of protection.
You squeeze the ogre.
The ogre is moderately wounded.
The ogre closely misses you.
You barely miss the ogre. You tentacle-slap the ogre. You squeeze the ogre!
The ogre is heavily wounded.
The ogre hits you with a +0 giant club!!
Ouch! That really hurt!
* * * LOW HITPOINT WARNING * * *
You are too injured to fight recklessly!
You are too injured to fight recklessly!
It was a potion of cancellation.
You feel magically purged.
The ogre hits you with a +0 giant club!!
Ouch! That really hurt!
You die...

###.###.#
.........
........#
........#
........#
........#
.......O#
.......@#
........#
.=......#
........#
........#
#######.#######
#........####
#...........#
#...........#


You could see an ogre.

Vanquished Creatures
  4 adders
  4 worms
  A dart slug (D:1)
  3 orcs
  A ball python (D:3)
  4 bats
  6 giant cockroaches
  7 goblins
  7 hobgoblins
  2 quokkas
  4 frilled lizards
  2 jackal zombies (D:1)
  4 kobolds
  7 rats
56 creatures vanquished.

Notes
Turn   | Place    | Note
-------+----------+-------------------------------------------
     0 | D:5      | Anias the Octopode Delver began the quest for the Orb.
     0 | D:5      | Reached XP level 1. HP: 16/16 MP: 1/1
    30 | D:5      | Noticed a phantom
    38 | D:5      | Found a transporter.
    42 | D:5      | Noticed a fire bat
    42 | D:5      | Noticed a fire bat
    57 | D:5      | Noticed an ice beast
    60 | D:5      | Noticed a centaur
   391 | D:3      | Found a glowing golden altar of the Shining One.
   391 | D:3      | Found an ancient bone altar of Kikubaaqudgha.
   524 | D:3      | Reached skill level 7 in Stealth
   524 | D:3      | Reached XP level 2. HP: 18/21 MP: 2/2
   581 | D:3      | Reached XP level 3. HP: 3/26 MP: 3/3
   583 | D:3      | HP: 1/26 [hobgoblin (2)]
  1335 | D:1      | Reached XP level 4. HP: 31/31 MP: 4/4
  2582 | D:3      | Reached skill level 1 in Maces & Flails
  3112 | D:4      | Found a staircase to the Ecumenical Temple.
  3121 | Temple   | Entered the Ecumenical Temple
  3289 | Temple   | Became a worshipper of Cheibriados the Contemplative
  3378 | D:4      | Noticed an ogre
  3387 | D:4      | Mangled by an ogre

Illustrated notes

Levels and vault maps discovered:
D:1:      saegor_arrival_fortress, layout_basic, minmay_worlds_worst_comb
D:2:      layout_basic
D:3:      minmay_spotlight, layout_basic, gammafunk_temple_overflow_wave
D:4:      layout_basic, minmay_temple_entry_sparse_star, st_stairs_5,
          chequers_serial_rivers_small_a
D:5:      gammafunk_cloud_chamber, layout_basic, gammafunk_ghost_stat_death,
          portal_sewer_entry_f, nicolae_dithmenos_the_darkroom
Temple:   eino_temple_rhombus

Skill      XL: |  1  2  3  4 |
---------------+-------------+-----
Stealth        | 7 |  7.8
Maces & Flails | 1 |  1.2
Fighting       | |  3.6
Dodging        | |  2.6
Unarmed Combat | |  2.3

Action                   |  1- 3 |  4- 6 || total
-------------------------+-------+-------++-------
Melee: Unarmed           |    29 |       ||    29
       Constrict         |    21 |    14 ||    35
       Tentacles         |     5 |    19 ||    24
       Whip              |    28 |    46 ||    74
       Punch             |     1 |     2 ||     3
       Mace              |       |    11 ||    11
  Use: Potion            |     3 |     1 ||     4
 Stab: Sleeping          |     9 |    14 ||    23
Armor: Skin              |     3 |     4 ||     7
Dodge: Dodged            |    24 |    21 ||    45

Table legend: (Time is in decaauts)
 A = Elapsed time spent in this place.
 B = Non-inter-level travel time spent in this place.
 C = Inter-level travel time spent in this place.
 D = Time resting spent in this place.
 E = Time spent auto-exploring this place.
 F = Levels seen in this place.
 G = Mean time per level.
                   A        B        C        D        E       F      G
               +--------+--------+--------+--------+--------+-----+--------+
         Total |   3398 |   3233 |    165 |    572 |   2042 |   6 |  566.3 |
       Dungeon |   3221 |   3063 |    158 |    572 |   1892 |   5 |  644.2 |
        Temple |    176 |    169 |      7 |      0 |    150 |   1 |  176.0 |
               +--------+--------+--------+--------+--------+-----+--------+

Top non-repeatable levels by time:
     D:3: 1442 daAuts
     D:1: 761 daAuts
     D:2: 595 daAuts
     D:4: 360 daAuts
  Temple: 176 daAuts
     D:5: 62 daAuts
